 Dungeon Crawl Stone Soup version 0.20.1-1-g8b1a95d (webtiles) character file.

2492 dohliylev the Covert (level 9, -1/57 HPs)
             Began as a Vampire Enchanter on Dec 21, 2017.
             Slain by a mummy (14 damage)
             ... in an ossuary.
             The game lasted 00:23:46 (5983 turns).

dohliylev the Covert (Vampire Enchanter)            Turns: 5983, Time: 00:23:46

Health: -1/57      AC:  2    Str:  7    XL:     9   Next: 27%
Magic:  1/12       EV: 12    Int: 21    God:
Gold:   354        SH:  0    Dex: 14    Spells: 6/12 levels left

rFire    x . .     SeeInvis +   a - +0 dagger (vamp)
rCold    + . .     Gourm    .   (no shield)
rNeg     + . .     Faith    .   b - +0 robe
rPois    .         Spirit   .   (no helmet)
rElec    .         Reflect  .   k - scarf {repulsion}
rCorr    .         Harm     .   (no gloves)
MR       .....                  (no boots)
Stlth    ++++++....             (no amulet)
Regen    0.2/turn               m - ring of ice
MPRegen  0.2/turn               (no ring)

@: repel missiles
A: fangs 3, see invisible, unbreathing
a: Bat Form


You were in an ossuary.
You were not thirsty.

You visited 1 branch of the dungeon, and saw 7 of its levels.
You also visited: Ossuary.

You collected 354 gold pieces.

Inventory:

Hand Weapons
 a - a +0 vampiric dagger (weapon)
Armour
 b - a +0 robe (worn)
 k - a scarf of repulsion (worn)
Jewellery
 m - a ring of ice (left hand)
Wands
 q - a wand of iceblast (4/15)
 r - a wand of random effects (22/48)
 y - a wand of flame (30/48)
Scrolls
 i - a scroll of teleportation
 n - 2 scrolls of fog
 w - 2 scrolls of recharging
 z - a scroll of enchant weapon {unknown}
Potions
 d - 8 potions of blood
 g - 2 potions of haste
 h - a potion of agility
 l - a potion of mutation {unknown}
 o - a potion of flight {unknown}
 s - a potion of lignification {unknown}
 u - 2 potions of brilliance {unknown}
 v - a potion of berserk rage {unknown}
Books
 c - a book of Maledictions

   Spells                             Type                      Level
   a - Corona                         Hexes                        1
   b - Ensorcelled Hibernation        Hexes/Ice                    2
   c - Confuse                        Hexes                        3
   d - Tukima's Dance                 Hexes                        3
   e - Dazzling Spray                 Conjuration/Hexes            3


   Skills:
 + Level 1.3 Short Blades
 - Level 2.1 Dodging
 - Level 14.4 Stealth
 - Level 2.0 Spellcasting
 - Level 12.2 Hexes


You had 6 spell levels left.
You knew the following spells:

 Your Spells              Type           Power        Failure   Level  Hunger
a - Corona                Hex            ######.      1%          1    #......
b - Ensorcelled Hibernat  Hex/Ice        #####.       1%          2    ##.....
c - Confuse               Hex            ######..     1%          3    ###....


Dungeon Overview and Level Annotations

Branches:
Dungeon (7/15)
 Temple: D:4-7

Altars:
Fedhas
Qazlal
Sif Muna
Xom
The Shining One

Shops:
D:5 !


Innate Abilities, Weirdness & Mutations

You have razor-sharp teeth.
You have supernaturally acute eyesight. (SInv)
You can survive without breathing.


Message History

The mummy appears confused.
You hit the mummy but do no damage. You bite the mummy.
The mummy is heavily damaged.
A quokka zombie comes into view.
You hit the mummy but do no damage.
The mummy is heavily damaged.
You barely miss the mummy.
The mummy is heavily damaged.
You hit the mummy. You bite the mummy, but do no damage.
The mummy is heavily damaged.
The mummy hits the centaur zombie.
The centaur zombie hits you.
You hit the mummy.
The mummy is severely damaged.
The mummy hits you!
* * * LOW HITPOINT WARNING * * *
A hound zombie comes into view.
There is an empty arch of ancient stone here.
There is a gate leading back out of this place here.
The mummy hits you!
You die...

##### #..@#
#.MM# #..M#
#.##Z##+##'##.
+..ZZ..MMZ....
#+#+#+#'#'#+#'
.# ##


You could see 3 mummies, a quokka zombie, a hound zombie and a centaur zombie.

Vanquished Creatures
  A two-headed ogre (D:7)
  Pikel (D:7)
  A hippogriff (D:7)
  2 orc warriors (D:7)
  A sky beast (D:5)
  2 centaurs (D:7)
  An ogre (D:4)
  A bullfrog (D:7)
  4 killer bees (D:7)
  2 howler monkeys
  A crimson imp (D:7)
  4 hounds
  A jelly (D:7)
  Terence (D:2)
  Jessica (D:3)
  Ijyb (D:3)
  A mummy (Ossuary)
  8 adders
  A shadow imp (D:7)
  2 oozes
  An adder zombie (Ossuary)
  An adder skeleton (D:4)
  A worm (D:2)
  A dart slug (D:4)
  2 leopard geckos
  15 orcs
  4 giant cockroaches
  5 hobgoblins
  11 jackals
  A ball python (D:1)
  10 bats
  9 frilled lizards
  11 goblins
  8 kobolds
  6 rats
123 creatures vanquished.

Vanquished Creatures (others)
  4 slaves (D:7)
  A centaur (D:7)
  A bullfrog (D:7)
  A killer bee (D:7)
  A howler monkey (D:7)
  A bullfrog zombie (D:7)
  A killer bee zombie (D:7)
  An adder (D:7)
  A leopard gecko (D:7)
  3 orcs (D:7)
  A jackal zombie (D:7)
16 creatures vanquished.

Grand Total: 139 creatures vanquished

Notes
Turn   | Place    | Note
-------+----------+-------------------------------------------
     0 | D:1      | dohliylev the Vampire Enchanter began the quest for the Orb.
     0 | D:1      | Reached XP level 1. HP: 13/13 MP: 3/3
   130 | D:1      | Reached skill level 5 in Hexes
   323 | D:1      | Reached XP level 2. HP: 12/19 MP: 1/5
   331 | D:1      | Learned a level 2 spell: Ensorcelled Hibernation
   939 | D:2      | Found a glowing golden altar of the Shining One.
  1070 | D:2      | Reached XP level 3. HP: 24/24 MP: 6/6
  1124 | D:2      | Reached skill level 5 in Stealth
  1230 | D:2      | Found a glowing golden altar of the Shining One.
  1234 | D:2      | Found a deep blue altar of Sif Muna.
  1235 | D:2      | Found a blossoming altar of Fedhas.
  1691 | D:2      | Reached skill level 6 in Stealth
  1715 | D:2      | Reached XP level 4. HP: 16/30 MP: 0/7
  1942 | D:3      | Noticed Terence
  2560 | D:2      | Killed Terence
  2560 | D:2      | Reached skill level 7 in Stealth
  2634 | D:3      | Noticed Jessica
  2656 | D:3      | Killed Jessica
  2656 | D:3      | Reached XP level 5. HP: 35/35 MP: 1/8
  2678 | D:3      | Reached skill level 8 in Stealth
  2692 | D:3      | Noticed Ijyb
  2699 | D:3      | Killed Ijyb
  2775 | D:3      | Found a stormy altar of Qazlal.
  2776 | D:3      | Found a shimmering altar of Xom.
  3186 | D:4      | Noticed an ogre
  3193 | D:4      | Killed an ogre
  3193 | D:4      | Reached skill level 9 in Stealth
  3193 | D:4      | Reached XP level 6. HP: 41/41 MP: 9/9
  3333 | D:4      | Reached skill level 10 in Stealth
  3388 | D:4      | Learned a level 3 spell: Confuse
  3955 | D:5      | Entered Level 5 of the Dungeon
  4012 | D:5      | Found Xicin's Distillery.
  4226 | D:5      | Noticed a sky beast
  4235 | D:5      | Killed a sky beast
  4235 | D:5      | Reached skill level 11 in Stealth
  4264 | D:5      | You fall through a shaft for 2 floors!
  4264 | D:7      | Noticed Pikel
  4264 | D:7      | Noticed a slave
  4266 | D:7      | Noticed a slave
  4266 | D:7      | Noticed a slave
  4268 | D:7      | Noticed a hippogriff
  4475 | D:7      | Reached XP level 7. HP: 46/46 MP: 10/10
  4686 | D:7      | Killed a hippogriff
  4686 | D:7      | Reached skill level 12 in Stealth
  4740 | D:7      | Killed Pikel
  4740 | D:7      | Reached skill level 14 in Stealth
  4740 | D:7      | Reached XP level 8. HP: 22/52 MP: 0/11
  5563 | D:7      | Reached skill level 10 in Hexes
  5876 | D:7      | Noticed a two-headed ogre
  5882 | D:7      | Killed a two-headed ogre
  5882 | D:7      | Reached XP level 9. HP: 57/57 MP: 7/12
  5938 | D:6      | Found a sand-covered staircase.
  5943 | Ossuary  | Entered an ossuary
  5983 | Ossuary  | Slain by a mummy

Skill      XL: |  1  2  3  4  5  6  7  8 |
---------------+-------------------------+-----
Hexes          | 5 6 12 | 12.2
Stealth        | 6 7 9 11 14 | 14.4
Short Blades   | |  1.3
Dodging        | |  2.1
Spellcasting   | |  2.0

Action                   |  1- 3 |  4- 6 |  7- 9 || total
-------------------------+-------+-------+-------++-------
Melee: Dagger            |    88 |   101 |   119 ||   308
       Bite              |     6 |     6 |    11 ||    23
 Cast: Corona            |     9 |     5 |     3 ||    17
       Ensorcelled Hiber |    21 |    40 |    39 ||   100
       Confuse           |       |       |    12 ||    12
Evoke: Wand              |     1 |     7 |       ||     8
  Use: Potion            |     4 |     2 |     3 ||     9
       Scroll            |       |     2 |     9 ||    11
 Stab: Sleeping          |    22 |    33 |    29 ||    84
       Paralysed         |     1 |     2 |       ||     3
       Confused          |       |       |     2 ||     2
  Eat: Corpse            |     9 |    10 |     8 ||    27
Armor: Robe              |    30 |    16 |    10 ||    56
Dodge: Dodged            |    70 |    78 |    57 ||   205
       Deflected         |     1 |       |     3 ||     4
